 Dungeon Crawl Stone Soup version bcrawl-1.38b (webtiles) character file.

Game seed: 4897674083319483342

17764084 Artagas the Maledictor (level 25, 210/210 HPs)
             Began as a High Elf Arcane Marksman on Feb 14, 2023.
             Was the Champion of Okawaru.
             Escaped with the Orb
             ... and 3 runes on Mar 17, 2023!
             The game lasted 03:46:08 (54758 turns).

Artagas the Maledictor (High Elf Arcane Marksman)  Turns: 54758, Time: 03:46:09

Health: 210/210    AC: 41    Str: 21    XL:     25   Next: 94%
Magic:  42/42      EV: 24    Int: 28    God:    Okawaru [******]
Gold:   1306       SH:  0    Dex: 28    Spells: 12/52 levels left

rFire    + + +     GDR:     47% b - +9 longbow (freeze)
rCold    + . .     SeeInvis +   (shield currently unavailable)
rNeg     + . .     Gourm    .   X - +7 plate armour of Fedhas {rElec rCorr Str+3 Stlth+}
rPois    +         Faith    .   n - +2 hat of the Bear Spirit {Spirit, +Rage rN+ MR++}
rElec    +         Spirit   +   Z - +2 cloak {rPois}
rCorr    +         Reflect  .   k - +2 pair of gloves {archery}
MR       ++++.                  B - +2 pair of boots {run}
Stlth    ..........             i - amulet of Imi Jonk {RegenMP rPois rF+ Int+2}
HPRegen  0.45/turn              r - ring "Fekuech" {rF+ Str+3 SInv}
MPRegen  0.80/turn              M - ring "Walikh Vioqi" {Wiz rF+ rC+ Dex+3}

@: studying Crossbows, quick
A: obsessive focus, slimy green scales 1, weak 1, MP-powered wands
0: Orb of Zot
}: 3/15 runes: decaying, serpentine, silver
a: Heroism, Finesse, Renounce Religion, Evoke Berserk Rage


You escaped.
You worshipped Okawaru.
Okawaru was exalted by your worship.
You were very full.

You visited 9 branches of the dungeon, and saw 41 of its levels.
You also visited: Trove and Bailey.

You collected 7797 gold pieces.
You spent 6491 gold pieces at shops.

Inventory:

Hand Weapons
 a - a +9 triple sword of slicing
   (Okawaru gifted it to you on level 1 of the Depths)
 b - a +9 longbow of freezing (weapon)
   (Okawaru gifted it to you on level 4 of the Lair of Beasts)
 F - the +5 rapier of Isutug {pierce, rN+ MR++ Str+4}
   (You found it on level 3 of the Lair of Beasts)

   It will always inflict at least some extra damage.
   This minimum extra damage increases with your current reserve of magical
   power.
   It affects your strength (+4).
   It protects you from negative energy.
   It affects your resistance to hostile enchantments.
Missiles
 g - 9756 arrows (quivered)
 p - 6 throwing nets {=f}
 H - 1824 poisoned tomahawks
Armour
 k - a +2 pair of gloves of archery (worn)
   (You bought it in a shop on level 9 of the Dungeon)
 n - the +2 hat of the Bear Spirit (worn) {Spirit, +Rage rN+ MR++}
   (Okawaru gifted it to you on level 5 of the Depths)

   It protects you from negative energy.
   It affects your resistance to hostile enchantments.
   It lets you go berserk.
 B - a +2 pair of boots of running (worn)
   (Okawaru gifted it to you on level 12 of the Dungeon)
 X - the +7 plate armour of Fedhas (worn) {rElec rCorr Str+3 Stlth+}
   (You bought it in a shop on level 2 of the Depths)

   It affects your strength (+3).
   It insulates you from electricity.
   It provides partial protection from all sources of acid and corrosion.
   It makes you more stealthy.
 Z - a +2 cloak of poison resistance (worn)
   (Okawaru gifted it to you on level 2 of the Snake Pit)
Jewellery
 f - the amulet "Qepn" {Rage rN+}
   (You found it on level 3 of the Vaults)

   [amulet of rage]

   It protects you from negative energy.
 i - the amulet of Imi Jonk (around neck) {RegenMP rPois rF+ Int+2}
   (You found it on level 2 of the Elven Halls)

   [amulet of magic regeneration]

   It increases your magic regeneration.
   It affects your intelligence (+2).
   It protects you from fire.
   It protects you from poison.
 l - the amulet of Ethics {Regen Int+2 Stlth+}
   (You found it on level 8 of the Dungeon)

   [amulet of regeneration]

   It affects your intelligence (+2).
   It makes you more stealthy.
 r - the ring "Fekuech" (left hand) {rF+ Str+3 SInv}
   (You took it off a deep elf high priest on level 3 of the Elven Halls)

   [ring of see invisible]

   It affects your strength (+3).
   It protects you from fire.
   It lets you see invisible.
 u - a +4 ring of evasion
   (You found it on level 2 of the Lair of Beasts)
 M - the ring "Walikh Vioqi" (right hand) {Wiz rF+ rC+ Dex+3}
   (You took it off a rakshasa on level 3 of the Vaults)

   [ring of wizardry]

   It improves your spell success rate.
   It affects your dexterity (+3).
   It protects you from fire.
   It protects you from cold.
 O - the ring "Simara" {*Drain rElec rC+ rN+ Dex+2}
   (You found it on level 4 of the Lair of Beasts)

   [ring of protection from cold]

   It affects your dexterity (+2).
   It protects you from cold.
   It insulates you from electricity.
   It protects you from negative energy.
   It causes draining when unequipped.
 T - the ring of Jeeweim {rPois rC+ rN+ Stlth+}
   (You found it on level 2 of the Vaults)

   [ring of positive energy]

   It protects you from cold.
   It protects you from poison.
   It protects you from negative energy.
   It makes you more stealthy.
 V - the ring of the Mage {MR+ Archmagi}
   (You took it off a vault warden on level 3 of the Vaults)

   [ring of protection from magic]

   It affects your resistance to hostile enchantments.
   It increases the power of your magical spells.
Wands
 v - a wand of digging (37)
   (You found it on level 1 of the Swamp)
 L - a wand of acid (10)
   (You found it on level 2 of the Lair of Beasts)
 Q - a wand of paralysis (38)
   (You found it on level 10 of the Dungeon)
 R - a wand of clouds (15)
   (You found it on level 4 of the Lair of Beasts)
Scrolls
 j - 10 scrolls of fog
 t - 22 scrolls of teleportation
 z - 3 scrolls of blinking
 E - 5 scrolls of fear
 J - 6 scrolls of vulnerability
 W - 2 scrolls of silence
Potions
 d - 7 potions of might
 h - 3 potions of haste
 o - 2 potions of cancellation
 q - 20 potions of curing
 s - 4 potions of agility
 w - 12 potions of heal wounds
 x - 3 potions of ambrosia
 A - 9 potions of magic
 D - 4 potions of invisibility
 G - 13 potions of brilliance
 I - 12 potions of mutation
 P - 3 potions of flight
 U - 9 potions of lignification
 Y - 4 potions of berserk rage
Miscellaneous
 K - a lamp of fire
   (You found it on level 6 of the Lair of Beasts)
 S - 6 phantom mirrors
Comestibles
 e - 44 rations {!d}


   Skills:
 - Level 20.0 Fighting
   Level 2.7(13.7) Short Blades
 - Level 19.9(20.0) Long Blades
 - Level 16.0 Bows
 + Level 18.8 Armour
 - Level 18.0 Dodging
 - Level 14.0 Spellcasting
 - Level 21.0 Hexes
 - Level 9.0 Summonings
 - Level 13.0 Invocations
   Level 0.2 Evocations


You had 12 spell levels left.
You knew the following spells:

 Your Spells              Type           Power        Failure   Level  Hunger
a - Cause Fear            Hex            #######...   1%          4    None
b - Discord               Hex            #######...   1%          7    #####..
c - Song of Slaying       Chrm           ###.....     12%         2    None
d - Yara's Violent Unrav  Hex/Tmut       ######....   1%          4    None
e - Spectral Weapon       Hex/Chrm       ######..     1%          3    None
f - False Image           Hex/Summ       #######.     1%          3    None
g - Inner Flame           Hex/Fire       N/A          1%          3    None
h - Summon Mana Viper     Hex/Summ       #######.     1%          5    None
i - Invisibility          Hex            #######.     1%          6    ###....
j - Corona                Hex            #######      0%          1    None
k - Shackle               Hex            #######.     0%          2    None

Your spell library contained the following spells:

 Spells                   Type           Power        Failure   Level  Hunger
 Slow                     Hex            #######.     0%          1    None
 Confuse                  Hex            #######.     0%          3    None
 Tukima's Dance           Hex            #######.     0%          3    None
 Summon Butterflies       Summ           ######..     1%          1    None
 Summon Small Mammal      Summ           ####         1%          1    None
 Call Imp                 Summ           ######       1%          2    None
 Ensorcelled Hibernation  Hex/Ice        ######       1%          2    None
 Call Canine Familiar     Summ           ######..     1%          3    None
 Dazzling Orbs            Conj/Hex       ######.      1%          3    None
 Fulminant Prism          Conj/Hex       ######....   1%          4    None
 Tree Form                Hex/Tmut       N/A          1%          4    None
 Metabolic Englaciation   Hex/Ice        ######....   3%          5    None
 Silence                  Hex/Air        ######....   3%          5    None
 Recall                   Summ/Tloc      N/A          4%          3    None
 Summon Demon             Summ           ######....   6%          5    None
 Apportation              Tloc           ###...       9%          1    None
 Beastly Appendage        Tmut           ###...       9%          1    None
 Flame Tongue             Conj/Fire      ###..        9%          1    None
 Infusion                 Chrm           ###.....     9%          1    None
 Magic Dart               Conj           ###.         9%          1    None
 Necrotize                Necr           ###...       9%          1    None
 Sandblast                Erth           ###...       9%          1    None
 Static Discharge         Air            ###...       9%          1    None
 Sting                    Conj/Pois      ###.         9%          1    None
 Throw Frost              Conj/Ice       ###...       9%          2    None
 Corpse Rot               Necr           N/A          12%         2    None
 Flaming Arrows           Chrm/Fire      ###.....     12%         2    None
 Passwall                 Tmut/Erth      ###.....     12%         2    None
 Poisonous Vapours        Pois/Air       ###...       12%         2    None
 Searing Ray              Conj           ###.....     12%         2    None
 Sticks to Snakes         Tmut           ###.....     12%         2    None
 Sublimation of Blood     Necr           ###.......   12%         2    None
 Swiftness                Chrm/Air       ###.....     12%         2    None
 Summon Ice Beast         Ice/Summ       #####...     12%         4    None
 Summon Scorpions         Summ/Pois      #####...     12%         4    None
 Beckoning                Tloc           ###.......   24%         3    None
 Conjure Flame            Conj/Fire      ###.....     24%         3    None
 Ignite Poison            Fire/Tmut/Pois ###.....     24%         3    None
 Iskenderun's Mystic Bla  Conj           ###.....     24%         3    None
 Ozocubu's Armour         Chrm/Ice       ###.....     24%         3    None
 Regeneration             Chrm/Necr      ###.......   24%         3    None
 Spider Form              Tmut/Pois      ###          24%         3    None
 Vampiric Draining        Necr           ###.......   24%         3    None
 Summon Lightning Spire   Summ/Air       #####...     32%         5    None
 Infestation              Hex/Tmut/Pois  ######...    52%         6    ###....
 Agony                    Necr           ###.....     58%         4    None
 Airstrike                Air            ###.......   58%         4    None
 Animate Dead             Necr           N/A          58%         4    None
 Ice Form                 Ice/Tmut       ###.....     58%         4    None
 Lightning Bolt           Conj/Air       ###.....     58%         4    None
 Olgreb's Toxic Radiance  Pois           ###......    58%         4    None
 Sticky Flame             Conj/Fire      ###.....     58%         4    None
 Mana Rupture             Conj/Hex       ######....   63%         7    #####..
 Monstrous Menagerie      Summ           ######....   82%         7    #####..
 Summon Greater Demon     Summ           ######....   82%         7    #####..
 Blade Hands              Tmut           ###.......   89%         5    None
 Bolt of Draining         Conj/Necr      ###.......   89%         5    None
 Dispel Undead            Necr           ###.....     89%         5    None
 Fireball                 Conj/Fire      ###.......   89%         5    None
 Freezing Cloud           Ice/Air        ###.....     89%         5    None
 Irradiate                Conj/Tmut      ###.......   89%         5    None
 Iskenderun's Battlesphe  Conj/Chrm      ###.....     89%         5    None
 Venom Bolt               Conj/Pois      ###.......   89%         5    None
 Bolt of Cold             Conj/Ice       ###.......   100%        6    ###....
 Borgnjor's Vile Clutch   Necr/Erth      ###.......   100%        6    ###....
 Conjure Ball Lightning   Conj/Air       ###.......   100%        6    ###....
 Deflect Missiles         Chrm/Air       ###.......   100%        6    ###....
 Ozocubu's Refrigeration  Ice            ###.......   100%        6    ###....
 Simulacrum               Ice/Necr       ###.....     100%        6    ###....
 Statue Form              Tmut/Erth      ###......    100%        6    ###....
 Dragon Form              Tmut           ###....      100%        7    #####..
 Haunt                    Necr/Summ      #####.....   100%        7    #####..
 Malign Gateway           Summ/Tloc      #####.....   100%        7    #####..
 Spellforged Servitor     Conj/Summ      #####.....   100%        7    #####..
 Chain Lightning          Conj/Air       ###.......   100%        8    ######.
 Necromutation            Tmut/Necr      ###.....     100%        8    ######.
 Summon Horrible Things   Summ           ######....   100%        8    ######.
 Tornado                  Tloc/Air       ###.......   100%        8    ######.


Dungeon Overview and Level Annotations

Branches:
Dungeon (12/12)            Temple (0/1) D:7            Lair (6/6) D:7
  Swamp (3/3) Lair:4        Snake (3/3) Lair:4        Slime (0/5) Lair:6
    Orc (1/1) D:9             Elf (3/3) Orc          Vaults (3/3) D:12
  Crypt (0/2) Vaults:2     Depths (5/5) D:12            Zot (5/5) Depths:5

Altars:
Ashenzari
Cheibriados
Elyvilon
Fedhas
Gozag
Hepliaklqana
Kikubaaqudgha
Okawaru
Qazlal
Sif Muna
Wu Jian
Xom
The Shining One
Jiyva

Shops:
D:4 %   D:7 [   D:9 [   Orc }:*:?(:[!   Elf:1 }:*   Snake:1 %[   Vaults:1 *
Vaults:2 (   Depths:2 [[?%*   Depths:3 }}=   Depths:5 !

Portals:
Hell: Depths:1 Depths:2 Depths:3 Depths:4 Depths:5
Abyss: Depths:4
Pandemonium: Depths:1 Depths:3 Depths:5
Ziggurat: Depths:5

Annotations:
D:9 2 runed doors
Depths:3 2 transporters, exclusion: obsidian statue


Innate Abilities, Weirdness & Mutations

You can't train low skills.
You expend magic power (3 MP) to strengthen your wands.
You are partially covered in slimy green scales. (AC +2)
You are weak. (Str -2)


Message History

(Z) Zot
Where to? (* - list waypoints, Enter - D:12, ? - help)
What level of the Dungeon? (default 1, ? - help)
You see here a +0 giant club.
Things that are here:
a +0 robe; a +0 dagger
There is an open door here.
You see here a +0 giant spiked club.
Things that are here:
a +0 robe; a +0 dagger A smoke demon comes into view.
There is a stone staircase leading up here.
Your +9 longbow of freezing stops glowing.
a - a +9 triple sword of slicing (weapon)
You block the smoke demon's attack.
The smoke demon hits you but does no damage.
You block the smoke demon's attack.
You slice the smoke demon!!
The smoke demon is almost dead.
You block the smoke demon's attack. The smoke demon barely misses you. x2
You open the smoke demon like a pillowcase!!!
You kill the smoke demon!
Okawaru accepts your kill.
You climb upwards.
There is a stone staircase leading down here.
(D) Dungeon (T) Temple (L) Lair (S) Swamp (P) Snake Pit (M) Slime Pits (O) Orcish Mines (E) Elven Halls (V) Vaults (C) Crypt (U) Depths (H) Hell (Z) Zot
Where to? (* - list waypoints, Enter - D:1 @ (x,y), ? - help)
What level of the Dungeon? (default 1, ? - help)
There is a stone staircase leading up here.
You climb upwards.
There is a stone staircase leading down here.
There is a stone staircase leading up here.
You climb upwards.
Level annotation: 2 runed doors
There is a stone staircase leading down here.
You see here a cursed +0 giant club.
There is an open door here.
There is a stone staircase leading up here.
You climb upwards.
There is a stone staircase leading down here.
There is a stone staircase leading up here.
You climb upwards.
There is a stone staircase leading down here.
A rust devil, a pandemonium lord, a lich and an ancient lich come into view.
You have encountered a dangerous foe!
Okay, then.
Press: ? - help, v - describe, . - travel
Here: Woiw, armed with a distorting touch Unknown command.
Unknown command.
You feel yourself speed up.
The ancient lich shouts!
The rust devil screeches!
Evoke which item? (* to show all) (? for menu, Esc to quit)
Aiming: Dig
Press: ? - help, Shift-Dir - straight line This square is covered in magical glow.
You feel a surge of power!
The rock shatters into small pieces.
The ancient lich mumbles some strange words.
The ancient lich seems to speed up.
The lich casts a spell next to you.
Some rock shatters into small pieces.
The ancient lich mumbles some strange words.
The ancient lich blinks!
You see here a +2 antimagic hand axe.
The lich casts a spell.
There is a stone staircase leading up here.
A rune on the stairs sparks and fizzles.
You climb upwards.
There is a stone staircase leading down here.
There is a stone staircase leading up here.
You climb upwards.
There is a stone staircase leading down, spattered with blood here.
(D) Dungeon (T) Temple (L) Lair (S) Swamp (P) Snake Pit (M) Slime Pits (O) Orcish Mines (E) Elven Halls (V) Vaults (C) Crypt (U) Depths (H) Hell (Z) Zot
Where to? (* - list waypoints, Enter - D:1 @ (x,y), ? - help)
What level of the Dungeon? (default 1, ? - help)
There is a stone staircase leading up here.
You climb upwards.
There is a stone staircase leading down here.
There is a stone staircase leading up, spattered with blood here.
You climb upwards.
There is a stone staircase leading down here.
Your extra speed is starting to run out.
You feel yourself slow down.
There is a stone staircase leading up here.
You climb upwards.
There is a stone staircase leading down, spattered with blood here.
There is a stone staircase leading up here.
You climb upwards.
There is a stone staircase leading down here.
There is an open gate here.
There is a staircase leading out of the dungeon here.
Your +9 longbow of freezing is covered in frost.
b - a +9 longbow of freezing (weapon)
You have escaped!

#......###########...##...
#...##....................
#..รท#.....#########.......
#...#...#.........##......
#...#...............#.....
#####.##'''##..##.........
#.....#.....#..######.....
#.....#.....#.## ##....
#.....#..@..#.# #....)
#####.....#.....#.# #..#.#
#.........##'''##(#######..###
#.##..###.......#..........#.#
#.###..########.#########.....
###.####...# #.# #######..###
#........#.######.###........(#.
#............................###
#........#..#####.###......#....


There were no monsters in sight!

Vanquished Creatures
  3 orbs of fire
  4 ancient liches (Zot:5)
  Sojobo (Depths:1)
  Boris (Depths:4)
  Vashnia (Snake:2)
  5 Killer Klowns (Zot:5)
  6 golden dragons
  Saint Roka (Depths:2)
  4 caustic shrikes
  A rockslime (Zot:5)
  Nikola (Depths:1)
  A bone dragon (Depths:5)
  the Enchantress (Depths:4)
  2 electric golems (Zot:5)
  9 tentacled monstrosities
  Asterion (Depths:1)
  20 Orb Guardians (Zot:5)
  2 titans
  6 quicksilver dragons
  3 deep elf blademasters
  The ghost of Hojuoremm the Warrior, an adept KoGl of Uskayaw (Elf:2)
  2 deep elf master archers (Elf:3)
  9 nagarajas
  2 thorn hunters (Swamp:1)
  5 tengu reavers
  A draconian monk (Zot:5)
  2 death cobs
  5 shadow dragons
  6 sphinxes
  4 draconian knights
  An iron dragon (Depths:2)
  10 fire giants
  7 storm dragons
  2 frost giants (Vaults:3)
  7 vault wardens
  3 war gargoyles
  6 deep elf sorcerers
  5 orc warlords
  Aizul (Swamp:1)
  Louise (Depths:4)
  3 ghost moths
  3 deep elf elementalists (Elf:3)
  11 very ugly things
  An eye of devastation (shapeshifter) (Elf:2)
  A draconian shifter (Depths:5)
  2 draconian annihilators
  A draconian stormcaller (Zot:4)
  5 ironheart preservers
  12 stone giants
  2 spriggan defenders (Depths:4)
  4 green draconians
  A lorocyproca (Depths:1)
  8 deep elf annihilators
  3 black draconians
  6 red draconians
  5 yellow draconians
  8 deep elf demonologists
  3 spark wasps (Depths:5)
  7 purple draconians
  4 dire elephants (Vaults:2)
  5 white draconians
  5 deep elf death magi
  10 ettins
  6 crystal guardians
  A merfolk impaler (Depths:1)
  Urug (Lair:5)
  8 fire dragons
  8 yaktaur captains
  16 vault guards
  2 deep elf high priests
  12 naga warriors
  4 ice dragons
  6 rakshasas
  19 hydras
  Fannar (Lair:2)
  Harold (Lair:2)
  3 shambling mangroves
  2 ghost crabs
  9 anacondas
  A catoblepas (Lair:6)
  2 shadow wraiths (Vaults:3)
  4 spriggan air magi
  6 death yaks (Lair:6)
  3 great orbs of eyes
  25 two-headed ogres
  2 tengu warriors (Depths:4)
  10 sea snakes (Snake:3)
  13 alligators
  3 deep troll earth magi
  26 dancing weapons
  2 deep troll shamans
  13 naga sharpshooters
  11 ogre magi
  5 spriggan berserkers
  11 spriggans
  2 ironheart beastmasters (Vaults:2)
  3 goliath frogs
  8 shock serpents
  16 deep trolls
  3 hell knights (Depths:3)
  35 centaur warriors
  A fire crab (shapeshifter) (Elf:2)
  14 deep elf knights
  A glowing orange brain (Vaults:1)
  A spriggan druid (Swamp:2)
  4 flayed ghosts
  8 lindwurms
  9 swamp dragons
  4 wizards
  A wolf spider zombie (D:9)
  4 phantasmal warriors (Vaults:3)
  4 anaconda skeletons (Lair:4)
  3 naga ritualists
  4 necromancers
  9 deep elf archers
  7 cyclopes
  An orc knight (D:11)
  4 oklob plants
  A cyclops (shapeshifter) (Vaults:2)
  A mana viper (shapeshifter) (Depths:2)
  A shining eye (shapeshifter) (Elf:2)
  4 fauns (Depths:4)
  2 salamanders
  11 ironheart convokers
  6 mana vipers
  6 orc sorcerers
  61 deep elf magi
  19 ugly things
  9 moths of wrath
  7 manticores
  20 elephants
  A rust devil (Depths:2)
  8 naga magi
  5 will-o'-wisps (Swamp:2)
  6 guardian serpents (Snake:3)
  A smoke demon (D:12)
  10 vault sentinels
  A black mamba (shapeshifter) (D:12)
  28 black mambas
  A molten gargoyle (Depths:5)
  6 torpor snails (Lair:6)
  A water nymph (shapeshifter) (Vaults:3)
  13 cane toads
  A gargoyle (D:12)
  3 kobold demonologists
  4 rime drakes
  A tengu conjurer (Depths:4)
  3 freezing wraiths
  A jumping spider (shapeshifter) (Vaults:3)
  An eye of draining (D:11)
  2 ice devils (Lair:1)
  4 komodo dragons
  A hellwing (Depths:1)
  A queen bee (shapeshifter) (Depths:4)
  14 trolls
  46 yaktaurs
  4 bog bodies
  A polar bear (Lair:6)
  A shadow dragon simulacrum (Depths:1)
  11 tyrant leeches
  A wind drake (shapeshifter) (Vaults:3)
  26 hornets
  A hornet (shapeshifter) (Vaults:3)
  A harpy skeleton (D:12)
  12 hippogriffs
  Prince Ribbit (D:7)
  8 dream sheep
  20 blink frogs
  A slime creature (shapeshifter) (Elf:2)
  Grum (Lair:1)
  A stone giant simulacrum (Depths:1)
  41 slime creatures
  3 air elementals
  2 shadows
  A fire dragon skeleton (Depths:1)
  3 wraiths (Vaults:1)
  A ynoxinul (Depths:1)
  6 water elementals
  A yak (shapeshifter) (Depths:5)
  A wyvern (Lair:6)
  A hungry ghost (D:10)
  18 humans (D:12)
  A fire bat (shapeshifter) (Depths:5)
  41 yaks
  4 basilisks
  4 fire elementals
  A neqoxec (Depths:1)
  A chaos spawn (Depths:1)
  A yaktaur simulacrum (Depths:1)
  11 vampire mosquitoes
  12 swamp worms
  Menkaure (D:4)
  8 crocodiles
  2 spatial vortices (Swamp:1)
  4 wargs
  7 water moccasins
  45 nagas
  13 porcupines
  7 hell hounds (Depths:5)
  26 orc warriors
  2 hornet zombies
  A soldier ant (D:11)
  3 ice beasts
  3 phantoms
  4 sky beasts
  A soldier ant (shapeshifter) (D:9)
  12 swamp drakes
  A necrophage (D:8)
  43 ogres
  11 boggarts
  14 wolves
  4 kobold brigands
  8 bullfrogs
  A gnoll sergeant (D:9)
  4 earth elementals
  5 centaurs
  A glowing shapeshifter simulacrum (Vaults:1)
  2 scorpions
  A wyvern skeleton (D:9)
  A water moccasin skeleton (D:10)
  6 killer bees (D:8)
  8 wights
  3 electric eels (Lair:3)
  6 howler monkeys
  17 orc priests
  9 crimson imps
  2 human simulacra (Vaults:1)
  A quasit (D:6)
  2 hounds
  6 jellies
  17 orc wizards
  Jessica (D:2)
  7 iguanas
  Natasha (D:3)
  7 worker ants
  A porcupine skeleton (D:10)
  A hound zombie (D:5)
  2 worker ant zombies (D:9)
  Robin (D:2)
  A howler monkey skeleton (D:6)
  16 adders
  17 gnolls
  3 shadow imps
  An ooze (D:4)
  An adder skeleton (D:5)
  2 adder zombies
  A worm (D:2)
  3 leopard geckos
  85 orcs
  14 giant cockroaches (D:3)
  11 goblins
  15 hobgoblins
  9 jackals
  3 quokkas
  A ball python (D:4)
  2 bats (D:3)
  5 frilled lizards
  25 kobolds
  A quokka skeleton (D:6)
  3 rats
  A butterfly (Lair:5)
  A fungus (D:1)
  A plant (Lair:3)
1755 creatures vanquished.

Vanquished Creatures (collateral kills)
  An Orb Guardian (Zot:5)
  3 sphinxes (Vaults:3)
  3 storm dragons
  A tengu reaver (Vaults:3)
  A ghost moth (Zot:5)
  A war gargoyle (Vaults:3)
  A vault warden (Vaults:3)
  A deep elf sorcerer (Vaults:2)
  A very ugly thing (Depths:4)
  A spriggan defender (Depths:4)
  3 ironheart preservers
  A deep elf annihilator (Vaults:2)
  A dire elephant (Vaults:2)
  2 ettins
  2 yaktaur captains
  A spriggan air mage (Depths:5)
  20 vault guards (Vaults:3)
  2 ogre magi
  2 two-headed ogres (Vaults:3)
  A deep troll shaman (Depths:4)
  A dancing weapon (Vaults:3)
  2 spriggan berserkers
  A tengu warrior (Depths:4)
  2 deep trolls (Depths:4)
  A fire crab (shapeshifter) (Elf:2)
  An orange crystal statue (Depths:3)
  2 ironheart convokers (Vaults:3)
  A deep elf mage (Vaults:2)
  A manticore (shapeshifter) (Elf:2)
  3 moths of wrath (Elf:2)
  3 ugly things
  A vault sentinel (Vaults:3)
  A tengu conjurer (Depths:4)
  4 yaktaurs (Depths:1)
  A hornet (shapeshifter) (Elf:2)
  2 slime creatures (Depths:1)
  A hornet (Depths:4)
  A stone giant simulacrum (Depths:1)
  A spriggan (Depths:4)
  A wraith (Vaults:1)
  A naga (shapeshifter) (Vaults:3)
  A crocodile (shapeshifter) (Elf:2)
  An orc warrior (Vaults:3)
  6 ogres
89 creatures vanquished.

Vanquished Creatures (others)
  A storm dragon (Depths:2)
  A tengu reaver (Depths:1)
  An azure jelly (shapeshifter) (Elf:2)
  A draconian annihilator (Zot:3)
  An ettin (Vaults:3)
  A yaktaur captain (Vaults:3)
  An ice dragon (Depths:5)
  A spriggan berserker (Depths:4)
  A vault guard (Vaults:3)
  A two-headed ogre (Vaults:2)
  A tengu warrior (Depths:4)
  A spriggan (Depths:4)
  A necromancer (Depths:1)
  2 wizards
  A deep elf mage (Elf:3)
  An ironheart convoker (Vaults:3)
  2 ugly things (Depths:1)
  2 moths of wrath
  A yaktaur (Depths:1)
  A jumping spider (shapeshifter) (Vaults:3)
  A meliai (shapeshifter) (Depths:4)
  A hornet (Depths:4)
  An orc warrior (Vaults:3)
  An ogre (Vaults:2)
  A boggart (Depths:4)
  5 kobolds (D:8)
  A briar patch (Swamp:1)
  12 fungi
  53 plants
  3 toadstools (D:1)
102 creatures vanquished.

Grand Total: 1946 creatures vanquished

Notes
Turn   | Place    | Note
-------+----------+-------------------------------------------
     0 | D:1      | Artagas the High Elf Arcane Marksman began the quest for
                  | the Orb.
     0 | D:1      | Reached XP level 1. HP: 16/16 MP: 4/4
   546 | D:1      | Reached skill level 1 in Invocations
   649 | D:1      | Reached skill level 1 in Armour
   660 | D:2      | Reached XP level 2. HP: 11/22 MP: 4/6
   737 | D:2      | Found a glowing golden altar of the Shining One.
   781 | D:2      | Found an ancient bone altar of Kikubaaqudgha.
   805 | D:2      | Noticed Jessica
   811 | D:2      | Killed Jessica
   812 | D:2      | Reached skill level 2 in Short Blades
   812 | D:2      | Reached skill level 2 in Armour
   812 | D:2      | Reached XP level 3. HP: 27/27 MP: 4/7
   838 | D:2      | Learned a level 3 spell: False Image
  1179 | D:2      | Reached skill level 1 in Summonings
  1212 | D:2      | Noticed Robin
  1223 | D:2      | Killed Robin
  1224 | D:2      | Reached skill level 2 in Summonings
  1336 | D:2      | Reached XP level 4. HP: 33/33 MP: 6/8
  1444 | D:2      | Learned a level 3 spell: Inner Flame
  1681 | D:2      | Found a white marble altar of Elyvilon.
  1903 | D:3      | Reached skill level 3 in Bows
  1965 | D:3      | Reached skill level 1 in Long Blades
  1996 | D:3      | Reached skill level 2 in Long Blades
  1996 | D:3      | Reached XP level 5. HP: 38/38 MP: 7/9
  2056 | D:3      | Reached skill level 2 in Invocations
  2716 | D:4      | Noticed Natasha
  2756 | D:3      | HP: 5/38 [crimson imp (1)]
  2890 | D:4      | Reached XP level 6. HP: 46/46 MP: 8/10
  2896 | D:3      | Reached skill level 3 in Dodging
  2954 | D:3      | Reached skill level 3 in Fighting
  2954 | D:3      | Reached skill level 3 in Armour
  3042 | D:4      | Noticed Menkaure
  3138 | D:3      | Learned a level 2 spell: Shackle
  3196 | D:3      | Killed Natasha
  3391 | D:4      | Killed Menkaure
  3392 | D:4      | Reached skill level 3 in Long Blades
  3405 | D:4      | Found an iron altar of Okawaru.
  3424 | D:4      | Reached skill level 3 in Invocations
  3424 | D:4      | Reached XP level 7. HP: 49/52 MP: 11/11
  3428 | D:4      | Became a worshipper of Warmaster Okawaru
  3505 | D:4      | Reached skill level 3 in Summonings
  3687 | D:4      | Found Cyrhiaju's Food Shoppe.
  3731 | D:4      | Reached skill level 4 in Fighting
  3955 | D:5      | Entered Level 5 of the Dungeon
  3996 | D:5      | Reached skill level 3 in Spellcasting
  4053 | D:5      | Reached skill level 4 in Bows
  4133 | D:5      | Reached * piety under Okawaru
  4227 | D:5      | Found an opulent altar of Gozag.
  4488 | D:5      | Found a blossoming altar of Fedhas.
  4717 | D:5      | Upgraded the game from bcrawl-1.38 to bcrawl-1.38b
  4735 | D:6      | Reached skill level 4 in Armour
  4735 | D:6      | Reached skill level 4 in Dodging
  4753 | D:6      | Noticed a hippogriff
  4780 | D:6      | Reached XP level 8. HP: 46/60 MP: 11/13
  4807 | D:5      | Killed a hippogriff
  4808 | D:5      | Reached skill level 4 in Long Blades
  4808 | D:5      | Reached skill level 5 in Bows
  5161 | D:6      | Reached ** piety under Okawaru
  5184 | D:6      | Reached skill level 4 in Spellcasting
  5184 | D:6      | Reached skill level 4 in Hexes
  5184 | D:6      | Reached skill level 4 in Invocations
  5566 | D:6      | Reached skill level 5 in Long Blades
  6086 | D:7      | Found Amej's Antique Armour Boutique.
  6410 | D:6      | HP: 7/61 [warg (7)]
  6413 | D:6      | Reached XP level 9. HP: 8/66 MP: 7/16
  6686 | D:7      | Reached skill level 5 in Fighting
  6686 | D:7      | Reached skill level 6 in Bows
  6686 | D:7      | Reached skill level 5 in Dodging
  6697 | D:7      | Reached skill level 5 in Armour
  7077 | D:7      | Found a staircase to the Lair.
  7130 | D:7      | Reached skill level 6 in Long Blades
  7238 | D:7      | Learned a level 4 spell: Cause Fear
  7310 | D:7      | Found a staircase to the Ecumenical Temple.
  7378 | D:7      | Reached *** piety under Okawaru
  7458 | D:7      | Found a shimmering altar of Xom.
  7459 | D:7      | Found a shimmering altar of Xom.
  7460 | D:7      | Found a shimmering altar of Xom.
  7460 | D:7      | Found a shimmering altar of Xom.
  7460 | D:7      | Found a shimmering altar of Xom.
  7652 | D:7      | Reached skill level 4 in Summonings
  7833 | D:7      | Bought a brightly glowing scale mail for 207 gold pieces
  7833 | D:7      | Bought a pair of boots for 103 gold pieces
  7843 | D:7      | Identified the +6 scale mail of the Slorg {MR+} (You bought
                  | it in a shop on level 7 of the Dungeon)
  8231 | D:7      | Reached skill level 7 in Bows
  8277 | D:7      | Noticed Prince Ribbit
  8284 | D:7      | Noticed a komodo dragon
  8289 | D:7      | Killed Prince Ribbit
  8290 | D:7      | Reached skill level 7 in Long Blades
  8291 | D:7      | Noticed a mana viper
  8298 | D:7      | Found a shimmering altar of Xom.
  8306 | D:7      | Noticed a moth of wrath
  8306 | D:7      | a komodo dragon changed into a moth of wrath
  8316 | D:8      | Got an ancient diamond amulet
  8318 | D:8      | Identified the amulet of Ethics {Regen Int+2 Stlth+} (You
                  | found it on level 8 of the Dungeon)
  8438 | D:8      | Found a snail-covered altar of Cheibriados.
  8551 | D:8      | Reached skill level 8 in Bows
  8828 | D:8      | Found a shattered altar of Ashenzari.
  8844 | D:8      | Reached skill level 8 in Long Blades
  8866 | D:8      | Reached XP level 10. HP: 44/74 MP: 9/17
  9066 | D:8      | Found a stormy altar of Qazlal.
  9510 | D:8      | Reached **** piety under Okawaru
  9511 | D:8      | Reached skill level 6 in Fighting
  9511 | D:8      | Reached skill level 9 in Bows
  9597 | Lair:1   | Entered Level 1 of the Lair of Beasts
  9722 | Lair:1   | Reached skill level 9 in Long Blades
  9748 | Lair:1   | Noticed a cane toad
  9764 | Lair:1   | Killed a cane toad
  9797 | Lair:1   | Noticed a cane toad
  9808 | Lair:1   | Killed a cane toad
  9824 | Lair:1   | Noticed an elephant
  9824 | Lair:1   | Noticed an elephant
  9825 | Lair:1   | Noticed an elephant
  9830 | Lair:1   | Noticed an elephant
  9831 | Lair:1   | Noticed an elephant
  9832 | Lair:1   | Noticed Grum
  9838 | Lair:1   | Noticed an elephant
  9996 | Lair:1   | Killed an elephant
 10048 | Lair:1   | Reached skill level 7 in Fighting
 10063 | Lair:1   | Reached skill level 10 in Bows
 10063 | Lair:1   | Reached skill level 10 in Long Blades
 10083 | Lair:1   | Killed an elephant
 10185 | Lair:1   | Killed an elephant
 10286 | Lair:1   | Killed an elephant
 10287 | Lair:1   | Reached XP level 11. HP: 48/84 MP: 15/18
 10395 | Lair:1   | Killed Grum
 10462 | Lair:1   | Reached ***** piety under Okawaru
 10740 | Lair:1   | Reached skill level 11 in Bows
 10874 | Lair:1   | Reached skill level 8 in Fighting
 11344 | Lair:1   | Received a gift from Okawaru
 11589 | Lair:2   | Noticed an oklob plant
 11710 | Lair:2   | Noticed Fannar
 11712 | Lair:2   | Reached skill level 9 in Fighting
 11741 | Lair:2   | HP: 11/89 [Fannar] (20)]
 11763 | Lair:2   | Killed Fannar
 11764 | Lair:2   | Reached skill level 11 in Long Blades
 11900 | Lair:2   | Noticed Harold
 11919 | Lair:2   | Killed Harold
 12300 | Lair:2   | Noticed an oklob plant
 12316 | Lair:2   | Noticed an oklob plant
 12569 | Lair:2   | Killed an oklob plant
 12636 | Lair:2   | Killed an oklob plant
 12700 | Lair:2   | Killed an oklob plant
 12880 | Lair:3   | Received a gift from Okawaru
 13009 | Lair:3   | Reached skill level 6 in Dodging
 13235 | Lair:3   | Reached XP level 12. HP: 95/95 MP: 19/19
 13343 | Lair:3   | Reached skill level 6 in Armour
 13507 | Lair:3   | Got a crystal rapier
 13655 | Lair:3   | Reached skill level 5 in Invocations
 13747 | Lair:3   | Received a gift from Okawaru
 13748 | Lair:3   | Reached skill level 5 in Hexes
 13795 | Lair:3   | Identified the +5 rapier of Isutug {pierce, rN+ MR++ Str+4}
                  | (You found it on level 3 of the Lair of Beasts)
 13890 | Lair:4   | Found a staircase to the Swamp.
 13907 | Lair:4   | Reached skill level 5 in Spellcasting
 13907 | Lair:4   | Reached skill level 5 in Summonings
 14000 | Lair:4   | Received a gift from Okawaru
 14057 | Lair:4   | Reached skill level 12 in Bows
 14558 | Lair:4   | Reached skill level 13 in Bows
 14676 | Lair:4   | Found a staircase to the Snake Pit.
 14676 | Lair:4   | Noticed a sphinx
 14769 | Lair:4   | Reached skill level 14 in Bows
 14806 | Lair:4   | Received a gift from Okawaru
 15051 | Lair:4   | Killed a sphinx
 15051 | Lair:4   | Received a gift from Okawaru
 15051 | Lair:4   | Received a gift from Okawaru
 15052 | Lair:4   | Reached skill level 15 in Bows
 15052 | Lair:4   | Got a glimmering chain mail {god gift}
 15067 | Lair:4   | Identified the +1 chain mail of True Grit {Str-2 Dex+5
                  | Stlth+} (Okawaru gifted it to you on level 4 of the Lair of
                  | Beasts)
 15148 | Lair:4   | Reached XP level 13. HP: 82/101 MP: 21/21
 15536 | Lair:4   | Got a flickering lead ring
 15657 | Lair:4   | Identified the ring "Simara" {*Drain rElec rC+ rN+ Dex+2}
                  | (You found it on level 4 of the Lair of Beasts)
 15735 | Lair:5   | Noticed Urug
 15743 | Lair:5   | Killed Urug
 15922 | Lair:5   | Reached skill level 7 in Dodging
 16042 | Lair:5   | Reached skill level 7 in Armour
 16221 | Lair:2   | Oklob entry vault
 16244 | Lair:6   | Entered Level 6 of the Lair of Beasts
 16279 | Lair:6   | Reached skill level 10 in Fighting
 16357 | Lair:6   | Reached skill level 8 in Armour
 16460 | Lair:6   | Received a gift from Okawaru
 16480 | Lair:6   | Got a dazzling hat {god gift}
 16520 | Lair:6   | Identified the +0 hat of Noon {rC++ SInv} (Okawaru gifted
                  | it to you on level 6 of the Lair of Beasts)
 16567 | Lair:6   | Reached skill level 6 in Invocations
 16630 | Lair:6   | Reached skill level 6 in Hexes
 16630 | Lair:6   | Reached skill level 6 in Summonings
 16653 | Lair:6   | Reached skill level 6 in Spellcasting
 16841 | Lair:6   | Reached skill level 11 in Fighting
 17140 | Lair:6   | Found a viscous altar of Jiyva.
 17140 | Lair:6   | Found a staircase to the Slime Pits.
 17222 | Lair:6   | Reached XP level 14. HP: 113/113 MP: 24/24
 17275 | Lair:6   | Received a gift from Okawaru
 17276 | Lair:6   | Reached skill level 12 in Fighting
 17380 | Lair:6   | Reached ****** piety under Okawaru
 17380 | Lair:6   | Received a gift from Okawaru
 17389 | Lair:6   | Reached skill level 9 in Armour
 17621 | Lair:6   | Found a runed door.
 17824 | Lair:6   | Reached skill level 10 in Armour
 18262 | D:8      | Reached skill level 8 in Dodging
 18446 | D:9      | Found Xaynalus's Armour Emporium.
 18459 | D:9      | Found a staircase to the Orcish Mines.
 18467 | D:9      | Bought a +2 pair of gloves of archery for 301 gold pieces
 18493 | D:9      | Found a shimmering altar of Xom.
 18494 | D:9      | Found a hazy altar of Hepliaklqana.
 18544 | D:9      | Received a gift from Okawaru
 18632 | D:9      | Found a flagged portal.
 18644 | Bailey   | Entered a bailey
 18935 | D:9      | Reached skill level 13 in Fighting
 18935 | D:9      | Reached XP level 15. HP: 124/124 MP: 25/25
 19174 | D:9      | Found a shimmering blue altar of Sif Muna.
 19402 | D:9      | Reached skill level 9 in Dodging
 19402 | D:9      | Found a large runed door.
 19403 | D:9      | Found a large runed door.
 19440 | D:9      | Found a large runed door.
 19440 | D:9      | Found a large runed door.
 19781 | Orc      | Entered the Orcish Mines
 19819 | Orc      | Noticed an orc warlord
 19829 | Orc      | Killed an orc warlord
 20031 | Orc      | Found Icuaplou's Gadget Shop.
 20033 | Orc      | Found Qatwux's Book Emporium.
 20050 | Orc      | Found a staircase to the Elven Halls.
 20068 | Orc      | Found Ruboptic's Assorted Antiques.
 20178 | Orc      | Reached skill level 14 in Fighting
 20224 | Orc      | Received a gift from Okawaru
 20288 | Orc      | Found Juitu's Armour Emporium.
 20292 | Orc      | Found Emotaib's Magic Scroll Emporium.
 20378 | Orc      | Found Noebb's Distillery.
 20381 | Orc      | Received a gift from Okawaru
 20400 | Orc      | Got a steaming shortbow {god gift}
 20407 | Orc      | Found Gacoe's Antique Weapon Shoppe.
 20417 | Orc      | Bought a potion of haste for 170 gold pieces
 20417 | Orc      | Bought a potion of heal wounds for 85 gold pieces
 20417 | Orc      | Bought a potion of heal wounds for 85 gold pieces
 20423 | Orc      | Reached skill level 15 in Fighting
 20441 | Orc      | Found Qomimeute's Book Shop.
 20461 | Orc      | Bought a scroll of blinking for 120 gold pieces
 20461 | Orc      | Bought a scroll of teleportation for 48 gold pieces
 20461 | Orc      | Identified the +5 shortbow of Disintegration {venom,
                  | *Contam rN+ Str+8 Int+4} (Okawaru gifted it to you in the
                  | Orcish Mines)
 20467 | Orc      | Gained mutation: You are clumsy. (Dex -2) [mutagenic glow]
 20521 | Orc      | Reached skill level 12 in Long Blades
 20521 | Orc      | Reached XP level 16. HP: 118/136 MP: 26/26
 20623 | Orc      | Found Gobemis's Book Emporium.
 21023 | D:10     | Entered Level 10 of the Dungeon
 21254 | D:10     | Reached skill level 13 in Long Blades
 21296 | D:10     | Found an ornate altar of the Wu Jian Council.
 21511 | D:10     | Found a portal to a secret trove of treasure.
 22343 | D:11     | Received a gift from Okawaru
 22585 | D:12     | Entered Level 12 of the Dungeon
 23068 | D:12     | Found a staircase to the Depths.
 23212 | D:12     | Received a gift from Okawaru
 23495 | D:12     | Found a gate to the Vaults.
 23529 | D:12     | Received a gift from Okawaru
 23557 | D:12     | Reached skill level 16 in Fighting
 24107 | D:12     | Identified a +2 pair of boots of running (Okawaru gifted it
                  | to you on level 12 of the Dungeon)
 24236 | D:10     | Got a steaming turquoise ring
 24237 | D:10     | Identified the ring "Ockaja" {Fire Dex+4} (You found it on
                  | level 10 of the Dungeon)
 24449 | Lair:6   | Got a brightly glowing war axe
 24450 | Lair:6   | Identified the cursed +1 war axe "Cithreudghi" {drain,
                  | Int+3 Dex+4} (You found it on level 6 of the Lair of
                  | Beasts)
 24697 | Elf:1    | Entered Level 1 of the Elven Halls
 24812 | Elf:1    | Identified the Volume of Calling
 24841 | Elf:1    | Found Eleff's Gadget Shoppe.
 25018 | Elf:1    | Found Jennic's Assorted Antiques.
 25051 | Elf:1    | Reached skill level 17 in Fighting
 25096 | Elf:1    | Bought a potion of curing for 90 gold pieces
 25271 | Elf:1    | Found Wungop's Book Boutique.
 25670 | Elf:2    | Reached skill level 16 in Bows
 25728 | Elf:2    | Received a gift from Okawaru
 25779 | Elf:2    | Found a runed gate.
 25779 | Elf:2    | Found a runed gate.
 25779 | Elf:2    | Found a runed gate.
 25822 | Elf:2    | Reached XP level 17. HP: 125/147 MP: 27/27
 26057 | Elf:2    | Reached skill level 10 in Dodging
 26093 | Elf:2    | Found a transporter.
 26099 | Elf:2    | Noticed Hojuoremm's ghost (adept KoGl)
 26142 | Elf:2    | Found a transporter.
 26367 | Elf:2    | Noticed a deep elf blademaster
 26381 | Elf:2    | Killed a deep elf blademaster
 26381 | Elf:2    | Received a gift from Okawaru
 26382 | Elf:2    | Reached skill level 11 in Armour
 27315 | Swamp:1  | Entered Level 1 of the Swamp
 27326 | Swamp:1  | Reached skill level 11 in Dodging
 27745 | Swamp:1  | Noticed Aizul
 27763 | Swamp:1  | Killed Aizul
 27764 | Swamp:1  | Reached skill level 7 in Invocations
 27928 | Swamp:1  | Reached skill level 7 in Spellcasting
 28092 | Swamp:1  | Reached skill level 7 in Hexes
 28096 | Swamp:1  | Reached skill level 7 in Summonings
 28629 | Swamp:1  | Received a gift from Okawaru
 28792 | Swamp:2  | Reached skill level 12 in Armour
 29094 | Swamp:2  | Reached skill level 12 in Dodging
 29810 | Swamp:3  | Entered Level 3 of the Swamp
 29991 | Swamp:3  | Reached XP level 18. HP: 132/154 MP: 29/29
 29999 | Swamp:3  | Reached skill level 13 in Armour
 30037 | Swamp:3  | Reached skill level 14 in Long Blades
 30046 | Swamp:3  | Got a slimy quarterstaff
 30180 | Swamp:3  | Received a gift from Okawaru
 30181 | Swamp:3  | Got a jewelled plate armour {god gift}
 30420 | Swamp:3  | Identified the +8 quarterstaff of Defence by Offence
                  | {antimagic, Stlth+} (You found it on level 3 of the Swamp)
 30420 | Swamp:3  | Identified the +6 plate armour of the Eight Boll Weevils
                  | {Dex+7} (Okawaru gifted it to you on level 3 of the Swamp)
 30420 | Swamp:3  | Got a decaying rune of Zot
 31020 | Snake:1  | Entered Level 1 of the Snake Pit
 31190 | Snake:1  | Reached skill level 18 in Fighting
 31412 | Snake:1  | Found Iphattaf's Armour Emporium.
 31419 | Snake:1  | Found Lisunao's Food Shoppe.
 31534 | Snake:2  | Noticed Vashnia
 32024 | Snake:2  | Received a gift from Okawaru
 32152 | Snake:2  | HP: 18/157 [Vashnia/arrow (26)]
 32155 | Snake:2  | Killed Vashnia
 32156 | Snake:2  | Reached skill level 8 in Invocations
 32162 | Snake:2  | Received a gift from Okawaru
 32402 | Snake:2  | Reached skill level 8 in Hexes
 32406 | Snake:2  | Reached skill level 8 in Spellcasting
 32406 | Snake:2  | Reached skill level 8 in Summonings
 32730 | Snake:3  | Entered Level 3 of the Snake Pit
 33313 | Snake:3  | Reached skill level 9 in Spellcasting
 33313 | Snake:3  | Reached skill level 9 in Hexes
 33352 | Snake:3  | Reached XP level 19. HP: 125/163 MP: 28/33
 33512 | Snake:3  | Reached skill level 10 in Spellcasting
 33512 | Snake:3  | Reached skill level 10 in Hexes
 33586 | Snake:3  | Reached skill level 9 in Invocations
 33603 | Snake:3  | Received a gift from Okawaru
 33618 | Snake:3  | Got a serpentine rune of Zot
 33693 | Snake:3  | Received a gift from Okawaru
 33816 | Snake:3  | Received a gift from Okawaru
 34169 | Snake:3  | Reached skill level 11 in Spellcasting
 34169 | Snake:3  | Reached skill level 11 in Hexes
 34538 | Snake:3  | Learned a level 5 spell: Summon Mana Viper
 34821 | Vaults:1 | Entered Level 1 of the Vaults
 35326 | Vaults:1 | Found Besk's Assorted Antiques.
 35336 | Vaults:1 | Bought a potion of haste for 350 gold pieces
 35336 | Vaults:1 | Bought a scroll of fear for 175 gold pieces
 35336 | Vaults:1 | Bought a scroll of teleportation for 105 gold pieces
 35455 | Vaults:1 | Reached skill level 12 in Spellcasting
 35462 | Vaults:1 | Reached skill level 12 in Hexes
 35769 | Vaults:1 | Received a gift from Okawaru
 35935 | Vaults:1 | Reached XP level 20. HP: 157/170 MP: 37/37
 36333 | Vaults:2 | Reached skill level 13 in Spellcasting
 36333 | Vaults:2 | Reached skill level 13 in Hexes
 36465 | Vaults:2 | Received a gift from Okawaru
 36539 | Vaults:2 | Found Libeix's Weapon Shoppe.
 36562 | Vaults:2 | Reached skill level 14 in Hexes
 36591 | Vaults:2 | Received a gift from Okawaru
 36969 | Vaults:2 | Reached skill level 15 in Hexes
 37154 | Orc      | Bought a book of Misfortune for 770 gold pieces
 37162 | Orc      | Learned a level 7 spell: Discord
 37167 | Orc      | Learned a level 4 spell: Yara's Violent Unravelling
 37169 | Orc      | Bought a book of Battle for 560 gold pieces
 37172 | Orc      | Learned a level 2 spell: Song of Slaying
 37176 | Orc      | Learned a level 3 spell: Spectral Weapon
 37876 | Vaults:2 | Found a staircase to the Crypt.
 37889 | Vaults:2 | Reached skill level 16 in Hexes
 38064 | Vaults:2 | Identified the ring of Jeeweim {rPois rC+ rN+ Stlth+}
 38684 | Depths:1 | Entered Level 1 of the Depths
 38709 | Depths:1 | Received a gift from Okawaru
 38719 | Depths:1 | Noticed Nikola
 38770 | Depths:1 | Killed Nikola
 38771 | Depths:1 | Reached skill level 17 in Hexes
 39019 | Depths:1 | Noticed Asterion
 39038 | Depths:1 | Killed Asterion
 39104 | Depths:1 | Received a gift from Okawaru
 39109 | Depths:1 | Reached skill level 9 in Summonings
 39251 | Depths:1 | Received a gift from Okawaru
 39252 | Depths:1 | Reached XP level 21. HP: 96/177 MP: 26/39
 40317 | Depths:1 | Identified the +3 hunting sling of Odiurr {venom, Int+2}
 40321 | Depths:1 | Found a glowing golden altar of the Shining One.
 40355 | Depths:1 | Reached skill level 15 in Long Blades
 40447 | Depths:1 | Found a one-way gate leading to the halls of Pandemonium.
 40618 | Depths:1 | Found a gateway to Hell.
 40806 | Depths:1 | Noticed Sojobo
 40817 | Depths:1 | Killed Sojobo
 40818 | Depths:1 | Reached skill level 18 in Hexes
 40972 | Depths:2 | Found Isibuwoo's Antique Armour Emporium.
 40981 | Depths:2 | Bought a polished plate armour for 1064 gold pieces
 40981 | Depths:2 | Identified the +7 plate armour of Fedhas {rElec rCorr Str+3
                  | Stlth+} (You bought it in a shop on level 2 of the Depths)
 41117 | Depths:2 | Found Konatu's Assorted Antiques.
 41175 | Depths:2 | Bought a scroll of enchant weapon for 337 gold pieces
 41392 | Depths:2 | Reached skill level 16 in Long Blades
 41431 | Depths:2 | Found Dofach's Food Shop.
 41446 | Depths:2 | Found Keekimue's Magic Scroll Shop.
 41456 | Depths:2 | Bought a scroll of blinking for 112 gold pieces
 41456 | Depths:2 | Bought a scroll of fog for 30 gold pieces
 41496 | Depths:2 | Received a gift from Okawaru
 41509 | Depths:2 | Found Qefior's Antique Armour Shop.
 41535 | Depths:2 | Noticed Saint Roka
 41556 | Depths:2 | Killed Saint Roka
 41965 | Depths:2 | Identified the ring of Qosuil {rC+ rN+ rCorr}
 41977 | Depths:2 | Reached skill level 17 in Long Blades
 41981 | Depths:2 | Noticed a caustic shrike
 42007 | Depths:2 | Killed a caustic shrike
 42170 | Depths:2 | Identified the Almanac of Ensnaring Summoning
 42172 | Depths:2 | Identified the cursed +1 leather armour "Afrufeiq" {*Slow
                  | rElec rN+++ Stlth+}
 42173 | Depths:2 | Identified the +7 plate armour "Zonuqo Doch" {-Cast +Fly
                  | MP-9 Int+6}
 42556 | Depths:3 | Found a transporter.
 42559 | Depths:3 | Noticed a golden dragon
 42560 | Depths:3 | Noticed a rockslime
 42561 | Depths:3 | Noticed a juggernaut
 42595 | Depths:3 | Found a transporter.
 42672 | Depths:3 | Found a runed door.
 42871 | Depths:3 | Reached skill level 18 in Long Blades
 43056 | Depths:3 | Found Taaqemp's Jewellery Shoppe.
 43057 | Depths:3 | Found Myuhe's Gadget Boutique.
 43057 | Depths:3 | Found Foshrozox's Gadget Boutique.
 43557 | Depths:4 | Found a one-way gate to the infinite horrors of the Abyss.
 43566 | Depths:4 | Noticed Louise
 43580 | Depths:4 | Killed Louise
 43623 | Depths:4 | Received a gift from Okawaru
 43737 | Depths:4 | Found a shattered altar of Ashenzari.
 43824 | Depths:4 | Noticed Boris
 43849 | Depths:4 | Killed Boris
 43993 | Depths:4 | Noticed a caustic shrike
 43993 | Depths:4 | Noticed a caustic shrike
 43994 | Depths:4 | Noticed a caustic shrike
 44009 | Depths:4 | Killed a caustic shrike
 44198 | Depths:4 | Reached skill level 10 in Invocations
 44202 | Depths:4 | Reached XP level 22. HP: 184/184 MP: 37/40
 44363 | Depths:4 | Identified the +5 faerie dragon scales {MR+ rCorr Int+3
                  | Dex+3}
 44363 | Depths:4 | Noticed the Enchantress
 44387 | Depths:4 | Killed the Enchantress
 44392 | Depths:4 | Reached skill level 14 in Spellcasting
 44396 | Depths:4 | Reached skill level 11 in Invocations
 44410 | Depths:4 | Identified the cursed +4 giant club "Filuq" {crush, +Blink}
 44410 | Depths:4 | Identified the cursed +2 giant club "Zueki" {crush, +Blink}
 44504 | Depths:4 | Identified the cursed +3 short sword of the Thing {chaos,
                  | rElec Str+2}
 44505 | Depths:4 | Identified the +6 broad axe of Sin {chop, +Rage}
 44706 | Depths:4 | Killed a caustic shrike
 44878 | Depths:4 | Killed a caustic shrike
 44878 | Depths:4 | Received a gift from Okawaru
 45187 | Elf:3    | Entered Level 3 of the Elven Halls
 45656 | Elf:3    | Reached skill level 13 in Dodging
 45666 | Elf:3    | Received a gift from Okawaru
 45672 | Elf:3    | Reached skill level 14 in Armour
 45710 | Elf:3    | Identified the ring "Fekuech" {rF+ Str+3 SInv}
 46096 | Elf:3    | Identified the +9 dagger "Umylig" {pain, rN+ Str+4 Int-3
                  | SInv}
 46109 | Elf:3    | Identified the +9 trident of Derywo {pierce, MP+9 Dex+4}
 46182 | Elf:3    | Identified the ring of Tiuxir {rElec rPois rF+ Stlth+}
 46227 | Elf:3    | Identified the amulet of Ylischunu {Inacc rC+ Int+2}
 46249 | Elf:3    | Identified the cursed ring of Orphakeq {*Drain rPois rC-
                  | SInv Stlth--}
 46252 | Elf:3    | Identified the ring "Aklol" {Int+3 Stlth--}
 46255 | Elf:3    | Identified the ring "Veol" {rN+ Int+5 Slay-2 Stlth+}
 46260 | Elf:3    | Identified the cursed +0 flail of a bailey {drain, +Inv}
 46271 | Elf:3    | Identified the Reference Book on Bewitchment
 46324 | Elf:3    | Identified the +3 ring mail of Lugonu's Regard {+Inv Str+5}
 46504 | Elf:3    | Identified Vehumet's Tome of Attacks
 46542 | Elf:3    | Reached skill level 14 in Dodging
 46847 | Vaults:3 | Entered Level 3 of the Vaults
 46852 | Vaults:3 | Identified the +2 steam dragon scales "Xyzop" {-Cast +Inv
                  | Slay+2 SInv} (Okawaru gifted it to you on level 3 of the
                  | Vaults)
 46852 | Vaults:3 | Received a gift from Okawaru
 46853 | Vaults:3 | Reached skill level 15 in Armour
 46854 | Vaults:3 | Reached skill level 19 in Long Blades
 46871 | Vaults:3 | Reached XP level 23. HP: 191/191 MP: 29/42
 47160 | Vaults:3 | Identified the ring "Walikh Vioqi" {Wiz rF+ rC+ Dex+3}
 47181 | Vaults:3 | Received a gift from Okawaru
 47182 | Vaults:3 | Reached skill level 19 in Fighting
 47308 | Vaults:3 | Identified the cursed +0 leather armour "Yduseg" {MP+9
                  | Int+4 Dex+4}
 47515 | Vaults:3 | Received a gift from Okawaru
 47639 | Vaults:3 | Identified the +1 chain mail of Resonant Creativity {rElec
                  | Str+3 Dex+3 Stlth-}
 47739 | Vaults:3 | Reached skill level 19 in Hexes
 47898 | Vaults:3 | Identified the +10 long sword "Xicoam" {slice, Str+3}
 48187 | Vaults:3 | Got a silver rune of Zot
 48356 | Vaults:3 | Identified the amulet "Qepn" {Rage rN+}
 48926 | Elf:2    | Reached skill level 20 in Hexes
 48935 | Elf:2    | Killed Hojuoremm's ghost
 48944 | Elf:2    | Identified the amulet of Imi Jonk {RegenMP rPois rF+ Int+2}
 48946 | Elf:2    | Identified the +2 hat "Qyats" {+Inv rElec}
 49367 | Depths:5 | Entered Level 5 of the Depths
 49555 | Orc      | Bought a book of Party Tricks for 700 gold pieces
 49562 | Orc      | Learned a level 6 spell: Invisibility
 49635 | D:10     | You paid a toll of 5 potions of resistance to enter a
                  | treasure trove
 49636 | Trove    | Entered a treasure trove
 49641 | Trove    | Identified a +2 pair of boots of running
 49642 | Trove    | Identified the +2 pair of gloves of Valour {rPois rF+}
 49658 | Trove    | Identified the +1 robe "Osiefa" {rF+ rC- rCorr Str+2}
 49661 | Trove    | Identified the +2 hat of Crawling {rCorr}
 49958 | Depths:5 | Found a gate to the Realm of Zot.
 50012 | Depths:5 | Reached XP level 24. HP: 198/201 MP: 42/42
 50024 | Depths:5 | Received a gift from Okawaru
 50025 | Depths:5 | Found the +2 hat of the Bear Spirit {Spirit, +Rage rN+
                  | MR++}
 50073 | Depths:5 | Reached skill level 21 in Hexes
 50392 | Depths:5 | Found Icim's Distillery.
 50433 | Depths:5 | Bought a potion of mutation for 168 gold pieces
 50433 | Depths:5 | Bought a potion of agility for 84 gold pieces
 50433 | Depths:5 | Bought a potion of curing for 52 gold pieces
 50433 | Depths:5 | Bought a potion of invisibility for 168 gold pieces
 50433 | Depths:5 | Bought a potion of heal wounds for 105 gold pieces
 50433 | Depths:5 | Bought a potion of curing for 52 gold pieces
 50433 | Depths:5 | Bought a potion of heal wounds for 105 gold pieces
 50433 | Depths:5 | Bought a potion of agility for 84 gold pieces
 50607 | Depths:5 | Reached skill level 12 in Invocations
 50673 | Depths:5 | Found a gateway to a ziggurat.
 50769 | Zot:1    | Entered Level 1 of the Realm of Zot
 50846 | Depths:2 | Bought a scroll of magic mapping for 157 gold pieces
 50869 | Depths:2 | Bought a scroll of magic mapping for 52 gold pieces
 50869 | Depths:2 | Bought a scroll of magic mapping for 52 gold pieces
 51116 | Zot:1    | Noticed a golden dragon
 51139 | Zot:1    | Killed a golden dragon
 51243 | Zot:1    | Noticed a golden dragon
 51243 | Zot:1    | Noticed a golden dragon
 51275 | Zot:1    | Killed a golden dragon
 51276 | Zot:1    | Reached skill level 13 in Invocations
 51283 | Zot:1    | Killed a golden dragon
 51562 | Zot:1    | Noticed a golden dragon
 51573 | Zot:1    | Killed a golden dragon
 52370 | Zot:3    | Noticed a golden dragon
 52388 | Zot:3    | Killed a golden dragon
 52389 | Zot:3    | Reached skill level 20 in Fighting
 52393 | Zot:3    | Noticed an orb of fire
 52396 | Zot:3    | Gained mutation: Scrolls take you a little longer to read.
                  | [an orb of fire]
 52416 | Zot:3    | Killed an orb of fire
 52462 | Zot:3    | Received a gift from Okawaru
 52662 | Zot:3    | Lost mutation: Scrolls take you a little longer to read.
                  | [potion of mutation]
 52662 | Zot:3    | Lost mutation: You are clumsy. (Dex -2) [potion of
                  | mutation]
 52662 | Zot:3    | Gained mutation: You are weak. (Str -2) [potion of
                  | mutation]
 52662 | Zot:3    | Gained mutation: You are partially covered in slimy green
                  | scales. (AC +2) [potion of mutation]
 52697 | Zot:4    | Received a gift from Okawaru
 52719 | Zot:4    | Reached skill level 15 in Dodging
 52840 | Zot:5    | Entered Level 5 of the Realm of Zot
 52946 | Zot:5    | Received a gift from Okawaru
 52947 | Zot:5    | Reached skill level 16 in Armour
 53506 | Zot:5    | Reached XP level 25. HP: 207/210 MP: 42/42
 53643 | Zot:5    | Noticed a Killer Klown
 53649 | Zot:5    | Noticed an ancient lich
 53661 | Zot:5    | Killed a Killer Klown
 53665 | Zot:5    | Noticed a Killer Klown
 53676 | Zot:5    | Killed an ancient lich
 53676 | Zot:5    | Identified the +5 longbow of Crusades {speed, rF++ rN+ MP+9
                  | Dex-4} (Okawaru gifted it to you on level 5 of the Realm of
                  | Zot)
 53676 | Zot:5    | Received a gift from Okawaru
 53677 | Zot:5    | Reached skill level 16 in Dodging
 53684 | Zot:5    | Killed a Killer Klown
 53960 | Zot:5    | Noticed a golden dragon
 53964 | Zot:5    | Noticed an orb of fire
 53974 | Zot:5    | Killed an orb of fire
 53975 | Zot:5    | Reached skill level 17 in Armour
 53982 | Zot:5    | Noticed an ancient lich
 53991 | Zot:5    | Killed an ancient lich
 53992 | Zot:5    | Killed a golden dragon
 53998 | Zot:5    | Identified the +1 pair of boots of a bazaar {rF+ rN+ rCorr}
                  | (Okawaru gifted it to you on level 5 of the Realm of Zot)
 53998 | Zot:5    | Received a gift from Okawaru
 54078 | Zot:5    | Reached skill level 17 in Dodging
 54087 | Zot:5    | Reached skill level 18 in Armour
 54188 | Zot:5    | Noticed an ancient lich
 54197 | Zot:5    | Killed an ancient lich
 54262 | Zot:5    | Noticed an orb of fire
 54274 | Zot:5    | Killed an orb of fire
 54275 | Zot:5    | Noticed an ancient lich
 54285 | Zot:5    | Killed an ancient lich
 54344 | Zot:5    | Got the Orb of Zot
 54374 | Zot:5    | Noticed a Killer Klown
 54384 | Zot:5    | Killed a Killer Klown
 54384 | Zot:5    | Noticed a Killer Klown
 54394 | Zot:5    | Killed a Killer Klown
 54420 | Zot:5    | Noticed a Killer Klown
 54429 | Zot:5    | Killed a Killer Klown
 54429 | Zot:5    | Identified the +1 pair of gloves of the Durable Marlin
                  | {rElec} (Okawaru gifted it to you on level 5 of the Realm
                  | of Zot)
 54429 | Zot:5    | Received a gift from Okawaru
 54430 | Zot:5    | Reached skill level 18 in Dodging
 54669 | D:7      | Noticed Woiw the pandemonium lord
 54669 | D:7      | Noticed an ancient lich
 54758 | D:$      | Escaped with the Orb!

Skill      XL: |  1  2  3  4  5  6  7  8  9 10 11 12 13 14 15 16 17 18 19 20 21 22 23 24 25 |
---------------+----------------------------------------------------------------------------+-----
Invocations    | 1 2 3 4 5 6 7 8 9 10 11 13 | 13.0
Armour         | 1 2 3 4 5 6 8 10 12 13 15 16 18 | 18.8
Short Blades   | 2 |  2.7
Summonings     | 2 3 4 5 6 7 8 9 |  9.0
Bows           | 3 4 5 8 10 11 15 16 | 16.0
Long Blades    | 2 3 5 8 10 11 12 13 14 18 19 | 19.9
Dodging        | 3 4 5 6 7 8 9 12 14 15 18 | 18.0
Fighting       | 3 4 5 7 9 11 13 15 17 18 19 20 | 20.0
Spellcasting   | 3 4 5 6 7 9 12 13 14 | 14.0
Hexes          | 4 5 6 7 9 12 17 18 20 21 | 21.0
Evocations     | |  0.2

Action                   |  1- 3 |  4- 6 |  7- 9 | 10-12 | 13-15 | 16-18 | 19-21 | 22-24 | 25-27 || total
-------------------------+-------+-------+-------+-------+-------+-------+-------+-------+-------++-------
Melee: Dagger            |    84 |    64 |       |       |       |       |       |       |       ||   148
       Long sword        |       |   167 |   482 |   568 |       |       |       |       |       ||  1217
       Punch             |       |       |     2 |    17 |    10 |     7 |       |       |       ||    36
       Rapier            |       |       |       |   149 |   343 |   686 |    45 |       |       ||  1223
       Great sword       |       |       |       |       |       |       |   398 |       |       ||   398
       Triple sword      |       |       |       |       |       |       |   305 |   621 |   114 ||  1040
 Fire: Shortbow          |    29 |    28 |   156 |   309 |       |       |       |       |       ||   522
       Longbow           |       |       |       |    74 |   525 |  1155 |   849 |   660 |   109 ||  3372
Throw: Tomahawk          |     8 |     1 |    50 |    67 |    17 |     3 |     2 |     6 |     2 ||   156
 Cast: Corona            |    11 |    28 |     5 |     5 |       |     4 |     3 |     1 |       ||    57
       False Image       |       |     6 |    11 |    11 |       |       |       |       |       ||    28
       Shackle           |       |     4 |    25 |    16 |       |       |       |     1 |       ||    46
       Inner Flame       |       |       |       |     1 |       |       |       |       |       ||     1
       Cause Fear        |       |       |       |     1 |     5 |     3 |    37 |     8 |       ||    54
       Discord           |       |       |       |       |       |       |    18 |    25 |     1 ||    44
       Summon Mana Viper |       |       |       |       |       |       |     5 |     1 |     3 ||     9
       Song of Slaying   |       |       |       |       |       |       |     9 |    13 |     3 ||    25
       Spectral Weapon   |       |       |       |       |       |       |     1 |     1 |       ||     2
       Invisibility      |       |       |       |       |       |       |       |     6 |     1 ||     7
       Yara's Violent Un |       |       |       |       |       |       |       |     2 |       ||     2
Invok: Heroism           |       |       |    13 |    37 |    20 |    44 |    48 |    42 |     6 ||   210
       Finesse           |       |       |       |       |     1 |     2 |       |     2 |     1 ||     6
Evoke: Wand              |       |       |     3 |     7 |     1 |     1 |       |     4 |     6 ||    22
       Lamp of fire      |       |       |       |       |       |     2 |     2 |     2 |       ||     6
  Use: Scroll            |     2 |     3 |     4 |    11 |    13 |     8 |    10 |     7 |       ||    58
       Potion            |       |     3 |       |     3 |     2 |     2 |     5 |     4 |     5 ||    24
 Stab: Invisible         |       |       |       |     1 |       |       |       |    25 |     4 ||    30
       Sleeping          |       |       |       |       |     1 |     2 |     3 |     1 |       ||     7
       Distracted        |       |       |       |       |       |     1 |     1 |     2 |       ||     4
       Confused          |       |       |       |       |       |       |       |     2 |       ||     2
  Eat: Chunk             |     5 |    14 |    26 |    39 |    32 |    59 |    68 |    40 |       ||   283
       Ration            |       |       |     4 |     2 |     1 |     5 |     2 |     6 |     4 ||    24
Armor: Robe              |     8 |       |       |       |       |       |       |       |       ||     8
       Ring mail         |     9 |   114 |   156 |       |       |    95 |       |       |       ||   374
       Scale mail        |       |       |    43 |   327 |   153 |   193 |   348 |   120 |       ||  1184
       Leather armour    |       |       |    10 |       |       |       |       |       |       ||    10
       Plate armour      |       |       |       |       |       |       |       |   228 |    33 ||   261
Dodge: Dodged            |    43 |   182 |   283 |   467 |   358 |   814 |   847 |   568 |    92 ||  3654
Block: Other             |       |     5 |    27 |    82 |       |       |   308 |   364 |    52 ||   838

Levels and vault maps discovered:
D:1:      dpeg_arrival_windows_large_door, layout_rooms,
          minmay_gold_behind_fungi, minmay_heptomino_h4
D:2:      kennysheep_big_flooded_room, layout_basic, kiku_gazebo_garden_becter,
          overflow_temple_1_default, nicolae_elyvilon_temple_path,
          grunt_ministairs_13, guppyfry_early_lair_pool, uniq_robin,
          uniq_jessica
D:3:      minmay_roachtagon, layout_rooms, first_ration
D:4:      layout_cave_pools, serial_shops, shop_fountains, fountainhead,
          okawaru_gym_becter, uniq_natasha, uniq_menkaure
D:5:      layout_loops_ring, nicolae_gozag_seed_capital, fedhas_altar_2,
          supply_closet_lemuel
D:6:      layout_loops_ring, grunt_decor_fettered
D:7:      layout_basic, minmay_temple_entry_steel_oval,
          erik_lair_orcish_takeover, serial_shops, shop, xom_shifter_show,
          uniq_prince_ribbit1
D:8:      layout_loops_ring, overflow_temple_1_default, grunt_qazlal_clouds,
          cheibrodos_ashenzari_chains, chequers_serial_rivers_micro_a,
          grunt_pizzeria, lemuel_flamethrower_2
D:9:      layout_loops_corners, kennysheep_mini_moat,
          regret_index_temple_of_mockery, orc_david_3, enter_bailey_6,
          minmay_hollow_rounded_squares
D:10:     layout_rooms, basic_altar, enter_trove_6,
          minmay_fractal_squares_gapless_7
D:11:     layout_long_grid
D:12:     grunt_enter_depths_magical_seal, layout_rooms,
          grunt_vaults_entry_tiered, reono_crystal_passage, nicolae_wwwww
Lair:1:   layout_regular_city, portal_ice_cave_demonic_guard, serial_rivers,
          chequers_serial_rivers_small_a, chequers_serial_rivers_room_b,
          chequers_serial_rivers_micro_b, chequers_serial_rivers_room_b,
          chequers_serial_rivers_small_a, chequers_serial_rivers_small_b,
          grunt_megastairs_5, uniq_grum
Lair:2:   dpeg_oklob_shooting_range, layout_gridlike, uniq_fannar, uniq_harold
Lair:3:   layout_chaotic_city, serial_bayou_lagoon_b
Lair:4:   layout_long_grid, minmay_swamp_entry_worms,
          bhauth_snake_entry_sphinx_in_a_box, minmay_lindwurm_lava,
          serial_bayou_shore_b
Lair:5:   cheibrodos_lair_overgrown_chateau, layout_loops_ring,
          grunt_megastairs_2, lemuel_fruit_fields, infiniplex_staircase_pool,
          uniq_urug
Lair:6:   wormcave, layout_regular_city, hangedman_lair_in_review,
          dpeg_slime_entry_enclosed_altar
Swamp:1:  layout_falls_marsh, serial_swamp_ruin, evilmike_swamp_ruin_house_4,
          evilmike_swamp_ruin_rubble_1, hangedman_swamp_ruin_hall, swamp_pool1,
          hangedman_swamp_muck, infiniplex_staircase_pool_2, uniq_aizul
Swamp:2:  layout_basic_swamp, evilmike_swamp_ruin_wall, swamp_pool2
Swamp:3:  swamp, layout_basic_swamp
Snake:1:  nicolae_snake_attic_fulla_snakes, layout_onion_interference,
          lemuel_fruit_tree, minmay_shoptagon
Snake:2:  layout_misc_corridors, uniq_vashnia
Snake:3:  grunt_snake_rune_pools, layout_cave_town, nicolae_snake_shapes
Orc:      st_orc_open, layout_caves, serial_shops, shop, shop, shop,
          nicolae_shop_waterfront, shop, mines3_lemuel
Elf:1:    layout_geoelf_octagon, serial_shops, nicolae_shop_stone,
          nicolae_shop_overgrown_old_shop, nicolae_shop_crystal,
          minmay_elf_demonology, serial_sigils_hangedman_scar, st_stairs_1
Elf:2:    elven_hall_of_blades_hangedman_original [nicolae_blade_lattice],
          layout_loops_ring, gammafunk_ghost_berserking_beasts, spider_trap
Elf:3:    grunt_elf_hall_asides, layout_rooms, minmay_elf_sorcery
Vaults:1: v_misc_26, hangedman_vaults_restitches,
          vaults_room_grunt_arrival_checkpoint, ontoclasm_vaults_chip,
          nicolae_vaults_little_squares_6, ontoclasm_vaults_claustrophobia,
          nicolae_vaults_display_case, v_pattern_1, v_rooms_2,
          nicolae_vaults_circle_grid_a, v_alt_pattern_1,
          layout_vaults_big_cross, serial_shops, nicolae_shop_behind_doors
Vaults:2: vaults_room_ringed_pool, ontoclasm_vaults_eye, vaults_room_pool,
          nicolae_vaults_yaktaur_gun_rack, layout_vaults_omnigrid,
          dummy_crypt_entry, serial_shops, shop
Vaults:3
Depths:1: layout_gridville, minmay_misc_feat_five, rand_demon_pan_entry_4,
          hell_entry, tso_altar, infiniplex_staircase_pool_lava,
          serial_bayou_shore_a, uniq_asterion, uniq_nikola, uniq_sojobo
Depths:2: minmay_sliced_demisemicircle, layout_basic, serial_shops, shop, shop,
          shop, shop, nicolae_shop_crystal, infiniplex_staircase_trident,
          grunt_hell_entry_dis_old, uniq_saint_roka
Depths:3: gammafunk_sealed_arena, layout_cave_pools, grunt_decor_mini_mirrors,
          hell_entry, pan_entry, minmay_crystal_box, minmay_shop_grove,
          serial_bayou_shore_b, serial_bayou_shore_b,
          minmay_staircase_statues_hall_small
Depths:4: grunt_forest_end_chambers, layout_cave_shapes, hell_entry,
          nicolae_abyss_entry_one_way_or_another, basic_altar,
          serial_sigils_hangedman_confine, chequers_jeans, minivault_14,
          uniq_boris
Depths:5: grunt_crosshair, layout_cave_pools, enter_ziggurat_f, serial_shops,
          shop_fountains, marbit_kobold_abyss_entry, grunt_hell_horde, pan_entry
Zot:1:    layout_basic, st_large_dragon_hoard_1
Zot:2:    layout_cathedral_of_symmetry
Zot:3:    layout_misc_corridors
Zot:4:    layout_misc_corridors
Zot:5:    layout_misc_corridors

Table legend:
 A = Turns spent in this place as a percentage of turns spent in the entire game.
 B = Non-inter-level travel turns spent in this place as a percentage of non-inter-level travel turns spent in the entire game.
 C = Inter-level travel turns spent in this place as a percentage of turns spent in this place.
 D = Turns resting spent in this place as a percentage of non-inter-level travel turns spent in this place.
 E = Turns spent auto-exploring this place as a percentage of non-inter-level travel turns spent in this place.
 F = Non-inter-level travel turns spent in this place divided by the number of levels of this place that you've seen.
                   A       B       C       D       E      F
               +-------+-------+-------+-------+-------+----------------------
         Total | 100.0 | 100.0 |  11.6 |  13.6 |  54.5 | 1125.5
       Dungeon |  28.9 |  27.9 |  14.7 |  12.8 |  54.7 | 1123.6
          Lair |  17.2 |  17.2 |  11.5 |   7.5 |  54.3 | 1385.5
         Swamp |   6.6 |   6.8 |   9.7 |  14.8 |  62.2 | 1089.0
     Snake Pit |   6.5 |   6.8 |   7.1 |  20.5 |  51.0 | 1102.7
  Orcish Mines |   2.6 |   2.6 |  13.3 |  17.2 |  57.3 | 1239.0
   Elven Halls |   7.9 |   7.8 |  13.1 |  14.2 |  54.5 | 1254.3
        Vaults |  10.7 |  10.9 |  10.3 |   8.0 |  59.4 | 1757.7
        Depths |  12.5 |  12.2 |  13.4 |   9.7 |  62.3 | 1185.4
           Zot |   6.5 |   7.2 |   2.0 |  37.7 |  27.9 | 700.0
         Trove |   0.1 |   0.1 |   0.0 |   0.0 |  11.4 |  35.0
        Bailey |   0.5 |   0.6 |   0.0 |   0.0 |  62.8 | 290.0
               +-------+-------+-------+-------+-------+----------------------

Table legend:
 A = Kills in this place as a percentage of kills in entire the game.
 B = Kills by you in this place as a percentage of kills by you in the entire game.
 C = Kills by friends in this place as a percentage of kills by friends in the entire game.
 D = Other kills in this place as a percentage of other kills in the entire game.
 E = Experience gained in this place as a percentage of experience gained in the entire game.
 F = Experience gained in this place divided by the number of levels of this place that you have seen.
                   A       B       C       D       E      F
               +-------+-------+-------+-------+-------+----------------------
         Total | 100.0 | 100.0 | 100.0 | 100.0 | 100.0 | 29348.0
       Dungeon |  19.1 |  20.3 |   0.0 |   3.7 |   3.8 | 3984.1
          Lair |  12.0 |  12.8 |   0.0 |   0.0 |   6.0 | 12549.7
         Swamp |   7.6 |   8.1 |   0.0 |   0.0 |   5.6 | 23623.3
     Snake Pit |   8.3 |   8.9 |   0.0 |   0.0 |   8.0 | 33578.7
  Orcish Mines |   5.1 |   5.4 |   0.0 |   0.0 |   1.8 | 22623.0
   Elven Halls |   8.3 |   8.3 |   7.9 |   7.4 |  10.1 | 42311.3
        Vaults |  18.0 |  15.9 |  55.1 |  29.6 |  22.0 | 92620.0
        Depths |  14.0 |  12.4 |  33.7 |  51.9 |  19.2 | 48338.4
           Zot |   5.9 |   6.1 |   3.4 |   7.4 |  23.6 | 59559.2
        Bailey |   1.8 |   1.9 |   0.0 |   0.0 |   0.0 | 346.0
               +-------+-------+-------+-------+-------+----------------------
